 Dungeon Crawl Stone Soup version 0.26.1-11-gd32895ea62 (webtiles) character file.

Game seed: 12349773256105314270

2135 ABBCCCDDDD the Conjurer (level 9, -3/78 HPs)
             Began as a Naga Hedge Wizard on July 14, 2021.
             Was a Priest of Cheibriados.
             Slain by a centaur warrior (8 damage)
             ... on level 9 of the Dungeon.
             The game lasted 00:58:50 (12296 turns).

ABBCCCDDDD the Conjurer (Naga Hedge Wizard)        Turns: 12296, Time: 00:58:51

Health: -3/78      AC:  8    Str: 26    XL:     9   Next: 30%
Magic:  6/16       EV:  8    Int: 30    God:    Cheibriados [***...]
Gold:   575        SH:  0    Dex: 18    Spells: 6/18 levels left

rFire    + . .     SeeInvis +   n - +0 rapier (venom)
rCold    + . .     Faith    .   (no shield)
rNeg     . . .     Spirit   .   u - +0 scale mail
rPois    +         Reflect  .   c - +0 hat
rElec    +         Harm     .   b - +0 cloak
rCorr    +         Rampage  .   f - +0 pair of gloves
Will     +....                  (no barding)
Stlth    ++........             (no amulet)
HPRegen  0.23/turn              g - +6 ring of strength
MPRegen  0.15/turn              p - +6 ring of intelligence

@: brilliant, resistant, very slow
A: large, see invisible, deformed body, poison resistance, slowness 2, spit
poison 1, AC +3
a: Spit Poison, Renounce Religion, Bend Time, Temporal Distortion


You were on level 9 of the Dungeon.
You worshipped Cheibriados.
Cheibriados was most pleased with you.
You visited 1 branch of the dungeon, and saw 9 of its levels.

You collected 575 gold pieces.

Inventory:

Hand Weapons
 a - a +3 dagger of electrocution
 n - a +0 rapier of venom (weapon)
 r - a +0 dagger of flaming
 w - a +1 antimagic dagger
 y - a +0 great mace
Missiles
 s - 25 poisoned darts (quivered)
 x - a throwing net
Armour
 b - a +0 cloak (worn)
 c - a +0 hat (worn)
 f - a +0 pair of gloves (worn)
 u - a +0 scale mail (worn)
 B - a cursed +0 kite shield
Jewellery
 g - a +6 ring of strength (left hand)
 p - a +6 ring of intelligence (right hand)
Wands
 i - a wand of disintegration (10)
 l - a wand of flame (14)
 q - a wand of digging (12)
Scrolls
 h - 3 scrolls of remove curse
 j - a scroll of teleportation
 t - 2 scrolls of amnesia
Potions
 e - a potion of resistance
 k - a potion of might {unknown}
 m - 4 potions of berserk rage
 o - 3 potions of heal wounds {unknown}
 v - a potion of flight {unknown}
 z - 2 potions of attraction {unknown}
 A - 2 potions of brilliance
 C - a potion of mutation {unknown}
 D - 2 potions of magic {unknown}


   Skills:
 - Level 4.0 Fighting
 - Level 1.5 Dodging
 - Level 6.0 Stealth
 - Level 5.0 Spellcasting
 - Level 7.3 Conjurations
 - Level 2.0 Summonings
 - Level 2.0 Translocations
 + Level 1.6 Fire Magic
 - Level 3.0 Air Magic
 - Level 5.0 Poison Magic
 + Level 1.6 Evocations


You had 6 spell levels left.
You knew the following spells:

 Your Spells              Type           Power        Failure   Level
a - Magic Dart            Conj           100%         1%          1
b - Mephitic Cloud        Conj/Pois/Air  55%          5%          3
c - Call Imp              Summ           29%          10%         2
d - Conjure Flame         Conj/Fire      51%          7%          3
e - Blink                 Tloc           N/A          10%         2
f - Foxfire               Conj/Fire      100%         2%          1

Your spell library contained the following spells:

 Spells                   Type           Power        Failure   Level
 Slow                     Hex            11%          22%         2
 Cause Fear               Hex            5%           80%         4
 Dragon Form              Tmut           5%           100%        7
 Dragon's Call            Summ           14%          100%        9


Dungeon Overview and Level Annotations

Branches:
Dungeon (9/15)             Temple (0/1) D:5
   Lair: D:8-11         Orc: D:9-12

Altars:
Ashenzari
Cheibriados
Gozag
Nemelex Xobeh
Okawaru
Qazlal
Ru
Sif Muna
Trog
Vehumet
Xom

Annotations:
D:4 exclusion: statue
D:5 exclusion: centaur
D:6 exclusion: centaur
D:8 exclusion: lemure
D:9 Erolcha


Innate Abilities, Weirdness & Mutations

You cannot wear boots.
Your serpentine skin is tough. (AC +3)
You have supernaturally acute eyesight. (SInv)
Armour fits poorly on your strangely shaped body.
Your system is resistant to poisons. (rPois)
You cover ground very slowly.
You can spit poison.


Message History

Confirm with . or Enter, or press ? or * to list all spells.
Aiming: Magic Dart (safe; 1% risk of failure)
Press: ? - help, Shift-Dir - straight line, f/p - centaur warrior
Aim: a centaur warrior, quivering 16 arrows (heavily wounded, 0% to evade)
Okay, then.
You hit the centaur warrior.
The centaur warrior is poisoned.
The centaur warrior is heavily wounded.
The centaur warrior hits you but does no damage.
The centaur warrior hits you!
* * * LOW HITPOINT WARNING * * *
It was a potion of brilliance.
You feel clever all of a sudden. The centaur warrior hits you.
* * * LOW HITPOINT WARNING * * *
It was a potion of resistance.
You feel protected.
You have got your breath back.
The centaur warrior hits you but does no damage.
The centaur warrior hits you!
You die...

.######......#
#.......# #..#
.'....)......#
#.......# #..#
.######>.....#
#.......# #..#
.# #......#
#.......###..#
.# #......#
#.......'[...#
.# #......#
#.......####.#
## #......#
#.......# .# #
#......#
#c......## .. #
#...<..#
#@.......#. ...
# #......#
#(...≈≈≈... ...
# ########
#.##.≈#≈≈≈≈.....
#.#§.≈≈≈≈#≈≈
#.#.v≈≈#≈≈≈≈#
#.# §#≈≈≈≈# #..
;≈≈≈#≈≈ #.. ≈≈
≈≈ ≈ ##. #≈ ≈≈#


You could see a centaur warrior (very poisoned).

Vanquished Creatures
  An ice beast (D:6)
  An ogre (D:7)
  A phantom (D:4)
  2 bullfrogs
  3 scorpions
  2 electric eels (D:9)
  2 howler monkeys
  A centaur zombie (D:5)
  A bullfrog zombie (D:5)
  5 hounds
  A jelly (D:8)
  A centaur skeleton (D:7)
  6 orc priests
  6 orc wizards
  An iguana (D:3)
  4 worker ants
  A howler monkey zombie (D:5)
  9 gnolls
  7 adders
  2 shadow imps
  3 white imps
  An ufetubus (D:7)
  3 oozes
  An adder skeleton (D:6)
  2 adder zombies (D:7)
  4 worms
  2 dart slugs
  6 leopard geckos
  31 orcs
  A giant cockroach (D:4)
  3 goblins
  10 hobgoblins
  11 jackals
  2 quokkas
  10 bats
  7 frilled lizards
  A jackal zombie (D:9)
  12 kobolds
  6 rats
173 creatures vanquished.

Vanquished Creatures (collateral kills)
  An ogre (D:4)
  A black bear (D:6)
  A necrophage (D:6)
  A phantom (D:5)
  2 centaur skeletons
  An orc priest (D:6)
  An orc wizard (D:5)
  An adder (D:6)
  An orc (D:9)
10 creatures vanquished.

Vanquished Creatures (others)
  A bullfrog (D:8)
  63 foxfires
64 creatures vanquished.

Grand Total: 247 creatures vanquished

Notes
Turn   | Place    | Note
-------+----------+-------------------------------------------
     0 | D:1      | ABBCCCDDDD the Naga Hedge Wizard began the quest for the
                  | Orb.
     0 | D:1      | Reached XP level 1. HP: 15/15 MP: 4/4
   375 | D:1      | Reached XP level 2. HP: 22/22 MP: 1/6
   856 | D:1      | Reached skill level 2 in Conjurations
  1119 | D:1      | Reached XP level 3. HP: 28/28 MP: 4/7
  2066 | D:2      | Reached XP level 4. HP: 31/36 MP: 1/8
  2131 | D:2      | Found a broken altar of Ashenzari.
  2291 | D:2      | Found a stormy altar of Qazlal.
  2388 | D:2      | Learned a level 3 spell: Mephitic Cloud
  2391 | D:2      | Learned a level 2 spell: Call Imp
  2452 | D:2      | Found a shimmering blue altar of Sif Muna.
  3075 | D:3      | Reached skill level 3 in Conjurations
  3075 | D:3      | Reached skill level 1 in Poison Magic
  3075 | D:3      | Reached XP level 5. HP: 42/42 MP: 4/9
  3081 | D:3      | Reached skill level 1 in Air Magic
  3173 | D:3      | Found a sacrificial altar of Ru.
  3418 | D:3      | Reached skill level 5 in Stealth
  3421 | D:3      | Reached XP level 6. HP: 49/49 MP: 0/10
  3873 | D:3      | Found an iron altar of Okawaru.
  3873 | D:3      | Found a bloodstained altar of Trog.
  4043 | D:4      | Found a sparkling altar of Nemelex Xobeh.
  4106 | D:4      | Noticed a water moccasin
  4365 | D:4      | Found a radiant altar of Vehumet.
  4490 | D:4      | Reached skill level 4 in Conjurations
  4733 | D:5      | Entered Level 5 of the Dungeon
  4781 | D:5      | Noticed a phantom
  4915 | D:4      | Learned a level 3 spell: Conjure Flame
  4918 | D:4      | Learned a level 2 spell: Blink
  4930 | D:4      | Found a snail-covered altar of Cheibriados.
  4936 | D:4      | Became a worshipper of Cheibriados the Contemplative
  5052 | D:4      | Noticed a phantom
  5653 | D:5      | Reached XP level 7. HP: 55/55 MP: 4/11
  6348 | D:5      | Reached skill level 5 in Conjurations
  6619 | D:5      | Found a staircase to the Ecumenical Temple.
  6896 | D:6      | Reached * piety under Cheibriados
  7277 | D:6      | Reached skill level 1 in Fighting
  7277 | D:6      | Reached skill level 5 in Poison Magic
  7277 | D:6      | Reached XP level 8. HP: 64/64 MP: 2/12
  7849 | D:6      | Got an ancient long sword
  7850 | D:6      | Identified the cursed +1 long sword of the Firefly {speed,
                  | *Slow rPois Int+5 Stlth+} (You found it on level 6 of the
                  | Dungeon)
  8687 | D:7      | Reached ** piety under Cheibriados
  9121 | D:7      | Reached skill level 6 in Conjurations
  9733 | D:7      | Found an opulent altar of Gozag.
  9828 | D:7      | Reached *** piety under Cheibriados
 10285 | D:4      | Reached XP level 9. HP: 69/78 MP: 7/16
 10755 | D:4      | Reached skill level 5 in Spellcasting
 10952 | D:8      | Reached skill level 7 in Conjurations
 11079 | D:8      | Learned a level 1 spell: Foxfire
 11364 | D:8      | Found a shimmering altar of Xom.
 11456 | D:8      | Reached skill level 1 in Fire Magic
 11456 | D:8      | Reached skill level 1 in Evocations
 11768 | D:9      | Noticed Erolcha
 12281 | D:9      | Noticed a centaur warrior
 12296 | D:9      | Slain by a centaur warrior

Illustrated notes

Levels and vault maps discovered:
D:1:      enne_arrival_octagon_isle, layout_loops_corners,
          minmay_indecisive_spiral
D:2:      layout_rooms, nicolae_overflow_crystal_walls, grunt_qazlal_clouds,
          ashenzari_altar_1
D:3:      layout_basic, gammafunk_temple_overflow_elements,
          general_overflow_altar
D:4:      layout_loops_ring, overflow_temple_1_default, cheibriados_altar_1,
          vehumet_statue
D:5:      layout_rooms, minmay_temple_entry_proselytizer
D:6:      layout_gridville
D:7:      layout_loops_cross, kennysheep_little_box
D:8:      layout_gridville, grunt_temple_overflow_order_and_chaos_1, uniq_pikel
D:9:      layout_basic, nicolae_lava_and_water, chequers_serial_rivers_micro_a,
          uniq_erolcha

Skill      XL: |  1  2  3  4  5  6  7  8  9 |
---------------+----------------------------+-----
Conjurations   | 2 3 4 5 6 7 |  7.3
Stealth        | 4 5 6 |  6.0
Translocations | 2 |  2.0
Summonings     | 2 |  2.0
Poison Magic   | 1 2 3 5 |  5.0
Air Magic      | 1 2 3 |  3.0
Fighting       | 1 4 |  4.0
Spellcasting   | 4 5 |  5.0
Fire Magic     | 1 |  1.6
Evocations     | 1 |  1.6
Dodging        | |  1.5

Action                   |  1- 3 |  4- 6 |  7- 9 || total
-------------------------+-------+-------+-------++-------
Melee: Dagger            |    29 |    23 |    47 ||    99
       Whip              |       |     3 |       ||     3
       Rapier            |       |       |     1 ||     1
Throw: Dart              |       |     5 |    16 ||    21
       Throwing net      |       |     1 |     1 ||     2
 Cast: Magic Dart        |    76 |   141 |   175 ||   392
       Call Imp          |       |     1 |    69 ||    70
       Conjure Flame     |       |       |     6 ||     6
       Mephitic Cloud    |       |       |     6 ||     6
       Blink             |       |       |    14 ||    14
       Foxfire           |       |       |    39 ||    39
 Abil: Spit Poison       |    14 |    41 |    53 ||   108
  Use: Scroll            |       |     4 |    12 ||    16
       Potion            |       |       |     5 ||     5
 Stab: Sleeping          |       |       |     2 ||     2
       Distracted        |       |       |     1 ||     1
Armor: Robe              |    11 |       |       ||    11
       Leather armour    |       |    23 |    24 ||    47
       Ring mail         |       |       |    10 ||    10
       Scale mail        |       |       |     8 ||     8
Dodge: Dodged            |    43 |    48 |    71 ||   162
       Rpst.: Long sword |       |       |     4 ||     4
